 Dungeon Crawl Stone Soup version 0.32-a0-841-g4648e6c457 (webtiles) character file.

Game seed: 2554963915719261322

214 ytrimaz the Caller (level 5, 0/30 (31) HPs)
             Began as an Octopode Summoner on Mar 26, 2024.
             Killed from afar by Natasha (8 damage)
             ... with a puff of flame
             ... on level 3 of the Dungeon.
             The game lasted 00:03:31 (3084 turns).

ytrimaz the Caller (Octopode Summoner)              Turns: 3084, Time: 00:03:32

HP:   0/30 (31)     AC:  1    Str: 13    XL:     5   Next: 92%
MP:   8/11          EV: 12    Int: 19    God:
Gold: 209           SH:  0    Dex: 13    Spells: 6/12 levels left

rFire   . . .        (no weapon)
rCold   . . .        (no shield)
rNeg    . . .        (helmet restricted)
rPois   .            (no amulet)
rElec   .            b - +6 ring of strength
rCorr   .            (no ring)
SInv    .            (no ring)
Will    .....        (no ring)
Stlth   +++          (no ring)
HPRegen 0.25/turn    (no ring)
MPRegen 0.12/turn    (no ring)
                     (no ring)

%: no passive effects
@: lightly drained, inugami summoned
A: almost no armour, amphibious, 8 rings, camouflage 1, gelatinous body 1,
(nimble swimmer 1), tentacles
a: no special abilities


You were on level 3 of the Dungeon.
You visited 1 branch of the dungeon, and saw 3 of its levels.

You collected 209 gold pieces.


Innate Abilities, Weirdness & Mutations

You cannot wear most types of armour.
You are amphibious.
You can wear up to eight rings at the same time.
Your skin changes colour to match your surroundings (Stealth+).
Your rubbery body absorbs attacks. (AC +1, EV +1)
((You are camouflaged when in or above water. (Stealth+)))
You have tentacles for arms and can constrict up to eight enemies at once.


   Skills:
 - Level 2.0 Dodging
 - Level 2.6 Stealth
 + Level 4.1 Spellcasting
 + Level 5.6 Summonings


You had 6 spell levels left.
You knew the following spells:

 Your Spells              Type           Power      Damage    Failure   Level
a - Summon Small Mammal   Summ           100%       N/A       1%          1
b - Call Imp              Summ           50%        N/A       1%          2
c - Call Canine Familiar  Summ           25%        N/A       4%          3

Your spell library contained the following spells:

 Spells                   Type           Power      Damage    Failure   Level
 Magic Dart               Conj           12%        1d3       14%         1
 Cigotuvi's Dreadful Rot  Necr/Alch/Air  6%         N/A       21%         2
 Searing Ray              Conj           6%         2d4       21%         2
 Martyr's Knell           Necr/Summ      14%        N/A       38%         4
 Summon Blazeheart Golem  Fire/Summ      14%        N/A       38%         4
 Summon Lightning Spire   Summ/Air       14%        N/A       38%         4
 Dispel Undead            Necr           3%         3d7       80%         4
 Fulminant Prism          Conj/Alch      1%         3d5       80%         4

Inventory:

Jewellery
 b - a +6 ring of strength (left tentacle)
   (You found it on level 1 of the Dungeon)
 c - a ring of ice
   (You found it on level 1 of the Dungeon)
Scrolls
 d - a scroll of enchant weapon
 e - a scroll of blinking {unknown}
 f - 2 scrolls of identify {unknown}
 i - a scroll of enchant armour {unknown}
 j - a scroll of poison {unknown}
 k - a scroll of fog {unknown}
 l - a scroll of immolation {unknown}
Potions
 a - 2 potions of magic
 g - a potion of heal wounds {unknown}
 h - a potion of brilliance {unknown}

Dungeon Overview and Level Annotations

Branches:
Dungeon (3/15) Zot: 14915

Altars:

Annotations:
D:3 Natasha

## ####### .# ###.....#
.#########.......##
####............####..####
###.><.#######.†.## ##....## .
#......#######.#### ####..♣♣
#.#.##.#.##.........# #...♣♣
....##...##.....@...# #♣...♣
###..#..###.........# ♣...♣ #
##....# #.........# ♣...♣ #
###..###....h....# ♣...♣ #
#...†.#.........# ♣♣... #
#...#.#...........# ♣...
###.###÷##........<.### #####♣♣..
...............h......###.....♣..
##..###........####...........♣P.


You could see Natasha (ally target) and a friendly inugami (summoned).


Message History

Something barely misses your inugami. 😮 HP[+1]
You are too injured to fight recklessly!
You tentacle-slap the spectral adder. The spectral adder bites you.
You feel drained.
Your inugami hits the spectral adder.
The spectral adder is destroyed!
Something closely misses your inugami. 😮 HP[-1]
You now have 28 max hp (-1).
The adder skeleton misses you.
The scorpion zombie hits your inugami but does no damage.
The adder skeleton closely misses you.
Your inugami hits the adder skeleton. You tentacle-slap the adder skeleton.
Your grab misses the adder skeleton. You squeeze the adder skeleton.
You destroy the adder skeleton!
Natasha, Servant of Life and Death comes into view.
She is carrying a wand of flame.
The scorpion zombie hits your inugami but does no damage.
Your inugami hits the scorpion zombie.
The scorpion zombie hits your inugami but does no damage.
Your inugami hits the scorpion zombie. 😮 HP[+1] Unknown command.
You are too injured to fight recklessly!
The scorpion zombie completely misses your inugami.
Your inugami hits the scorpion zombie but does no damage. 😮 MP[+1]
Something closely misses your inugami.
You swap places.
You swap places.
The scorpion zombie barely misses your inugami.
Your inugami hits the scorpion zombie. 😕 HP[+1]
The scorpion zombie barely misses your inugami.
Your inugami hits the scorpion zombie but does no damage.
The scorpion zombie hits your inugami but does no damage.
Your inugami hits the scorpion zombie.
The scorpion zombie closely misses your inugami.
Your inugami closely misses the scorpion zombie.
The scorpion zombie hits your inugami.
Your inugami barely misses the scorpion zombie. 😕 HP[+1]
The scorpion zombie hits your inugami but does no damage.
Your inugami hits the scorpion zombie. 😕 MP[+1] Unknown command.
The scorpion zombie hits your inugami.
Your inugami hits the scorpion zombie but does no damage.
The scorpion zombie barely misses your inugami.
Your inugami hits the scorpion zombie.
Unknown command.
The scorpion zombie hits your inugami but does no damage.
Your inugami hits the scorpion zombie.
Unknown command.
The scorpion zombie closely misses your inugami.
Your inugami hits the scorpion zombie but does no damage. 😕 HP[+1] Unknown command.
The scorpion zombie hits your inugami but does no damage.
Your inugami hits the scorpion zombie.
The scorpion zombie barely misses your inugami.
Your inugami hits the scorpion zombie.
The scorpion zombie is destroyed!
Your Spellcasting skill increases to level 4!
You now have 30 max hp (+2).
Unknown command.
You swap places. 😕 HP[+1] MP[+1]
Your inugami disappears in a puff of smoke!
You see here the +12 dagger "Tejedo" {pain, *Rage rCorr MP-9 Int+8}. 😎 HP[+5] MP[+4]
Your hp is fully restored (30).
Your mp is fully restored (11).
Unknown command.
You pick up a book of Decay and begin reading...
You add the spells Cigotuvi's Dreadful Rot, Dispel Undead and Martyr's Knell to your library.
You see here a ball python corpse.
Natasha is nearby!
Casting: Call Canine Familiar (dangerous; 4% risk of failure)
Confirm with . or Enter, or press ? or * to list all spells.
You call for your canine familiar and it appears with a howl!
Natasha zaps a wand.
The puff of flame hits you! 😕 HP[-7] MP[-3]
You take 7 damage, and now have 23/30 hp.
MASSIVE DAMAGE!! (PAUSE)
You lost 3 mp, and now have 8/11 mp.
Natasha zaps a wand.
The puff of flame hits you. 😮 HP[-6]
You take 6 damage, and now have 17/30 hp.
Natasha zaps a wand.
The puff of flame misses your inugami. The puff of flame hits you!
* * * LOW HITPOINT WARNING * * *
😨 HP[-9]
You take 9 damage, and now have 8/30 hp.
MASSIVE DAMAGE!! (PAUSE) Natasha zaps a wand.
The puff of flame hits you!
You die...
Natasha begins licking her fur clean.

Skill      XL: |  1  2  3  4  5 |
---------------+----------------+-----
Spellcasting   | 3 4 |  4.1
Summonings     | 5 |  5.6
Dodging        | |  2.0
Stealth        | |  2.6

Action                     |  1- 3 |  4- 6 || total
---------------------------+-------+-------++-------
  Melee: Unarmed           |    55 |    22 ||    77
         Constrict         |    17 |     7 ||    24
         Tentacles         |    10 |     6 ||    16
         Punch             |     1 |       ||     1
   Cast: Summon Small Mamm |    43 |     2 ||    45
         Call Canine Famil |     2 |    10 ||    12
         Call Imp          |       |     5 ||     5
    Use: Scroll            |     4 |       ||     4
   Stab: Sleeping          |     5 |     1 ||     6
 Armour: Skin              |    52 |    27 ||    79
  Dodge: Dodged            |    58 |    35 ||    93

Levels and vault maps discovered:
D:1:      amcnicky_arrival_blooded_trapdoor, layout_basic,
          shapermc_ecumenical_altar_flowoftime, minmay_hexomino_c4
D:2:      layout_basic
D:3:      layout_rooms, serial_shops, shop, dilly_guarded_unrand_morg

Notes
Turn   | Place    | Note
-------+----------+-------------------------------------------
     0 | D:1      | ytrimaz the Octopode Summoner began the quest for the Orb.
     0 | D:1      | Reached XP level 1. HP: 11/11 MP: 3/3
     0 | D:1      | magus.rc [v1.9.6]
   250 | D:1      | Reached XP level 2. HP: 12/17 MP: 1/5
   555 | D:1      | Found a faded altar of an unknown god.
   981 | D:1      | Reached XP level 3. HP: 20/21 MP: 3/6
  1395 | D:2      | Learned a level 3 spell: Call Canine Familiar
  1572 | D:2      | You pick up a book of Conjurations and begin reading...
  1572 | D:2      | You add the spells Magic Dart, Searing Ray and Fulminant
                  | Prism to your library.
  2296 | D:3      | Reached skill level 3 in Spellcasting
  2306 | D:3      | Reached XP level 4. HP: 9/27 MP: 3/8
  2387 | D:3      | Learned a level 2 spell: Call Imp
  2462 | D:3      | Reached skill level 5 in Summonings
  2555 | D:3      | Reached XP level 5. HP: 18/31 MP: 5/10
  2950 | D:3      | Noticed Natasha
  2967 | D:3      | Killed Natasha
  2991 | D:3      | Noticed Natasha
  3008 | D:3      | Reached skill level 4 in Spellcasting
  3053 | D:3      | Identified the +12 dagger "Tejedo" {pain, *Rage rCorr MP-9
                  | Int+8}
  3056 | D:3      | You pick up a book of Decay and begin reading...
  3056 | D:3      | You add the spells Cigotuvi's Dreadful Rot, Dispel Undead
                  | and Martyr's Knell to your library.
  3084 | D:3      | Killed from afar by Natasha

Vanquished Creatures
  An orc wizard (D:3)
  An adder skeleton (D:3)
  A dart slug (D:2)
  An orc (D:3)
  3 bats
  2 endoplasms
  A goblin (D:2)
  A hobgoblin (D:2)
  2 quokkas (D:2)
  7 ball pythons
  2 frilled lizards (D:1)
  5 kobolds
  A rat (D:3)
28 creatures vanquished.

Vanquished Creatures (collateral kills)
  A scorpion zombie (D:3)
  Natasha (D:3)
  An orc wizard (D:3)
  3 adders (D:3)
  A spectral adder (D:3)
  A ribbon worm (D:3)
  6 orcs (D:3)
  2 endoplasms (D:1)
  A giant cockroach (D:1)
  6 hobgoblins
  3 jackals (D:3)
  3 quokkas
  A ball python (D:1)
  5 bats
  A giant cockroach zombie (D:3)
  A goblin (D:1)
  A jackal skeleton (D:3)
  A kobold (D:1)
  4 rats
  A spectral ball python (D:3)
44 creatures vanquished.

Grand Total: 72 creatures vanquished

Table legend:
 A = Non-vault XP
 B = Vault XP
 C = Vault XP percentage of total XP
 D = Non-vault monster count
 E = Vault monster count
 F = Vault count percentage of total count
                 A         B        C        D         E       F
            +---------+---------+-------+---------+---------+-------
      Total |     210 |      97 |  31.6 |      58 |      14 |  19.4
            +---------+---------+-------+---------+---------+-------
        D:1 |      31 |       9 |  22.5 |      21 |       7 |  25.0
        D:2 |      21 |       0 |   0.0 |      11 |       0 |   0.0
        D:3 |     158 |      88 |  35.8 |      26 |       7 |  21.2
            +---------+---------+-------+---------+---------+-------

Skill      XL: |  1  2  3  4  5 |
---------------+----------------+-----
Spellcasting   | 3 4 |  4.1
Summonings     | 5 |  5.6
Dodging        | |  2.0
Stealth        | |  2.6

Action                     |  1- 3 |  4- 6 || total
---------------------------+-------+-------++-------
  Melee: Unarmed           |    55 |    22 ||    77
         Constrict         |    17 |     7 ||    24
         Tentacles         |    10 |     6 ||    16
         Punch             |     1 |       ||     1
   Cast: Summon Small Mamm |    43 |     2 ||    45
         Call Canine Famil |     2 |    10 ||    12
         Call Imp          |       |     5 ||     5
    Use: Scroll            |     4 |       ||     4
   Stab: Sleeping          |     5 |     1 ||     6
 Armour: Skin              |    52 |    27 ||    79
  Dodge: Dodged            |    58 |    35 ||    93

Illustrated notes

Table legend:
 A = Kills in this place as a percentage of kills in the entire game.
 B = Kills by you in this place as a percentage of kills by you in the entire game.
 C = Kills by friends in this place as a percentage of kills by friends in the entire game.
 D = Other kills in this place as a percentage of other kills in the entire game.
 E = Experience gained in this place as a percentage of experience gained in the entire game.
 F = Experience gained in this place divided by the number of levels of this place that you have seen.
                   A       B       C       D       E      F
               +-------+-------+-------+-------+-------+----------------------
         Total | 100.0 | 100.0 | 100.0 |   N/A | 100.0 | 102.3
       Dungeon | 100.0 | 100.0 | 100.0 |   N/A | 100.0 | 102.3
               +-------+-------+-------+-------+-------+----------------------

Table legend: (Time is in decaauts)
 A = Elapsed time spent in this place.
 B = Non-inter-level travel time spent in this place.
 C = Inter-level travel time spent in this place.
 D = Time resting spent in this place.
 E = Time spent auto-exploring this place.
 F = Levels seen in this place.
 G = Mean time per level.
                   A        B        C        D        E       F      G
               +--------+--------+--------+--------+--------+-----+--------+
         Total |   3083 |   2990 |     93 |    185 |   2168 |   3 | 1027.7 |
       Dungeon |   3083 |   2990 |     93 |    185 |   2168 |   3 | 1027.7 |
               +--------+--------+--------+--------+--------+-----+--------+

Top non-repeatable levels by time:
     D:1: 1381 daAuts
     D:2: 898 daAuts
     D:3: 802 daAuts
